 Dungeon Sprint DCSS version 0.29-a0-723-gce39da1c22 (webtiles) character file.

Game seed: 7819978327909617072

362 Hipnos the Frost Mage (level 6, -27/34 HPs)
             Began as a Deep Elf Ice Elementalist on June 28, 2022.
             Was an Initiate of Vehumet.
             Shot with a bolt by a yaktaur (31 damage)
             ... in the Dungeon (Sprint II: "The Violet Keep of Menkaure").
             The game lasted 00:03:51 (386 turns).

Hipnos the Frost Mage (Deep Elf Ice Elementalist)    Turns: 386, Time: 00:03:53

Health: -27/34     AC:  2    Str:  5    XL:     6   Next: 39%
Magic:  12/20      EV: 14    Int: 22    God:    Vehumet [......]
Gold:   243        SH:  0    Dex: 15    Spells: 13/24 levels left

rFire   . . .      SeeInvis .     - Unarmed
rCold   . . .      Faith    .   (no shield)
rNeg    . . .      Spirit   .   a - +0 robe
rPois   .          Reflect  .   (no helmet)
rElec   .          Harm     .   (no cloak)
rCorr   .          Rampage  .   (no gloves)
Will    .....      NoTele   +   (no boots)
Stlth   +++.......              (no amulet)
HPRegen 0.11/turn               (no ring)
MPRegen 0.17/turn               (no ring)

@: slowed, very slow
A: no striking features
a: Renounce Religion


You were in the Dungeon.
You worshipped Vehumet.
Vehumet was noncommittal.
You visited 1 branch You collected 243 gold pieces.

Inventory:

Armour
 a - a +0 robe (worn)
Potions
 b - a potion of magic


   Skills:
 + Level 1.2 Fighting
 + Level 4.8 Dodging
 + Level 4.1 Stealth
 + Level 2.1 Unarmed Combat
 + Level 9.8 Spellcasting
 + Level 0.8 Conjurations
 + Level 12.0 Ice Magic


You had 13 spell levels left.
You knew the following spells:

 Your Spells              Type           Power      Damage    Failure   Level
a - Freeze                Ice            100%       1d11      1%          1
b - Frozen Ramparts       Ice            100%       1d12      1%          3
c - Ozocubu's Armour      Ice            59%        N/A       1%          3
d - Hailstorm             Conj/Ice       39%        3d9       4%          4

Your spell library contained the following spells:

 Spells                   Type           Power      Damage    Failure   Level


Dungeon Overview and Level Annotations

Branches:
Dungeon (1/1)

Altars:
Cheibriados
Dithmenos
Elyvilon
Fedhas
Gozag
Hepliaklqana
Kikubaaqudgha
Makhleb
Nemelex Xobeh
Okawaru
Qazlal
Ru
Sif Muna
Trog
Uskayaw
Vehumet
Wu Jian
Xom
Yredelemnul
Zin
The Shining One
Beogh
Jiyva
Lugonu

Annotations:
D exclusion: orange crystal statue


Message History

The polar bear resists.
The wall freezes the polar bear.
The polar bear bites you!
The polar bear claws you but does no damage.
The polar bear completely misses you. The hornet completely misses you.
Casting: Freeze (safe; 1% risk of failure)
Confirm with . or Enter, or press ? or * to list all spells.
Aiming: Freeze (safe; 1% risk of failure)
Press: ? - help, Shift-Dir - straight line, f/p - hornet
Aim: a hornet (lightly wounded)
You freeze the hornet!
The hornet is moderately wounded.
The hornet closely misses you.
The polar bear resists.
The wall freezes the polar bear.
The polar bear misses you. The polar bear completely misses you.
The polar bear claws you.
The wall freezes the yaktaur.
Casting: Freeze (safe; 1% risk of failure)
Confirm with . or Enter, or press ? or * to list all spells.
Aiming: Freeze (safe; 1% risk of failure)
Press: ? - help, Shift-Dir - straight line, f/p - hornet
Aim: a hornet (moderately wounded)
You freeze the hornet.
The hornet is heavily wounded.
The hornet barely misses you.
The polar bear resists.
The wall freezes the polar bear.
The polar bear bites you!
The polar bear claws you but does no damage.
The polar bear closely misses you.
The wall freezes the yaktaur!
The hornet stings you!
* * * LOW HITPOINT WARNING * * *
You feel yourself slow down.
Okay, then.
Blink to where?
Press: ? - help, Dir - move target, p - hornet Your icy armour and frozen ramparts will break if you move.
Continue?
Your icy armour cracks and falls away as you move.
The frozen ramparts melt away as you move.
As you read the scroll of blinking, it crumbles to dust.
The yaktaur wields a +0 arbalest.
The yaktaur shoots a bolt.
The bolt hits you!!
Ouch! That really hurt!
You die...

.#.##.#### .### .#..#....#
...# ...####..## #..#
c#▓[)[(?[?! #†## ##..# +..#
h#▓$?:[)??$ #.## #..# #..#
.#▓!??!($$[ .<.+
+..####..##h#▓!!)?()!$ #.##
#....###...##▓▓▓▓▓▓▓+▓ #+#
##.§...§≈≈≈≈≈≈≈≈≈≈≈≈≈.. .#.
#≈≈...§.≈#@########+### B
B.#≈≈≈≈≈≈§.§≈#...ch§._#S§≈#
.
$##≈≈≈≈≈≈§§.§#_._y_._.#S≈≈≈
#
##≈≈≈≈≈≈≈§≈≈≈#._._._._#≈≈≈§
≈≈≈≈§≈§≈≈§§≈#_._._._.#≈≈§§
++#≈≈≈§§≈§§§#._._._..#≈≈≈§
##≈≈§###§§#_._._...#§≈§≈
##§≈ #§§#._._....#§§§≈
#≈§#.._.....#≈§≈≈


You could see 3 polar bears, a yaktaur and a hornet.

Vanquished Creatures
  Menkaure (D)
  4 necrophages (D)
5 creatures vanquished.

Notes
Turn   | Place    | Note
-------+----------+-------------------------------------------
     0 | D        | Hipnos the Deep Elf Ice Elementalist began the quest for
                  | the Orb.
     0 | D        | Reached XP level 1. HP: 10/10 MP: 6/6
     1 | D        | Noticed a boulder beetle
     1 | D        | Noticed a boulder beetle
     5 | D        | Noticed a necrophage
     5 | D        | Noticed a necrophage
     5 | D        | Noticed a necrophage
     5 | D        | Noticed a necrophage
    18 | D        | Killed a necrophage
    19 | D        | Reached skill level 8 in Ice Magic
    19 | D        | Reached XP level 2. HP: 15/15 MP: 7/9
    19 | D        | Reached XP level 3. HP: 19/19 MP: 7/10
    32 | D        | Killed a necrophage
    33 | D        | Reached skill level 1 in Unarmed Combat
    33 | D        | Reached skill level 5 in Spellcasting
    33 | D        | Reached skill level 9 in Ice Magic
    33 | D        | Reached XP level 4. HP: 24/24 MP: 3/13
    48 | D        | Killed a necrophage
    49 | D        | Reached skill level 10 in Ice Magic
    49 | D        | Reached XP level 5. HP: 14/28 MP: 4/16
    62 | D        | Reached skill level 11 in Ice Magic
    66 | D        | Learned a level 3 spell: Frozen Ramparts
    70 | D        | Learned a level 3 spell: Ozocubu's Armour
    75 | D        | Learned a level 4 spell: Hailstorm
   244 | D        | Noticed an orange crystal statue
   246 | D        | Noticed Menkaure
   251 | D        | Killed Menkaure
   252 | D        | Reached skill level 1 in Fighting
   252 | D        | Reached skill level 12 in Ice Magic
   252 | D        | Reached XP level 6. HP: 28/34 MP: 2/20
   366 | D        | Found a glowing golden altar of the Shining One.
   366 | D        | Found an ornate altar of the Wu Jian Council.
   367 | D        | Found a shimmering altar of Xom.
   367 | D        | Found a sacrificial altar of Ru.
   368 | D        | Found a basalt altar of Yredelemnul.
   368 | D        | Found a shimmering blue altar of Sif Muna.
   368 | D        | Found a stormy altar of Qazlal.
   368 | D        | Found a viscous altar of Jiyva.
   369 | D        | Found a glowing silver altar of Zin.
   369 | D        | Found a bloodstained altar of Trog.
   369 | D        | Found an ancient bone altar of Kikubaaqudgha.
   370 | D        | Found a hide-covered altar of Uskayaw.
   370 | D        | Found a corrupted altar of Lugonu.
   370 | D        | Found a shadowy altar of Dithmenos.
   370 | D        | Found a hazy altar of Hepliaklqana.
   370 | D        | Found a snail-covered altar of Cheibriados.
   371 | D        | Found a radiant altar of Vehumet.
   371 | D        | Found a burning altar of Makhleb.
   371 | D        | Found a white marble altar of Elyvilon.
   372 | D        | Found a sparkling altar of Nemelex Xobeh.
   372 | D        | Found a blossoming altar of Fedhas.
   374 | D        | Found an iron altar of Okawaru.
   374 | D        | Found an opulent altar of Gozag.
   374 | D        | Noticed a hornet
   374 | D        | Noticed a polar bear
   374 | D        | Noticed a polar bear
   375 | D        | Noticed a yaktaur
   375 | D        | Noticed a polar bear
   377 | D        | Noticed a water moccasin
   378 | D        | Noticed a water moccasin
   380 | D        | Became a worshipper of Vehumet
   386 | D        | Shot with a bolt by a yaktaur

Illustrated notes

Levels and vault maps discovered:
D:        the_violet_keep_of_menkaure [sprint2_stairs_cluster_1,
          sprint2_shoproom, sprint2_temple, sprint2_basic_supplies,
          sprint2_obstacle_1, sprint2_obstacle_2, sprint2_obstacle_4,
          sprint2_obstacle_5, sprint2_obstacle_3, sprint2_timed_cluster_1,
          sprint2_smallroom_cluster_1, sprint2_smallroom_final_cluster_1,
          sprint2_transparent_cluster_1, sprint2_second_timed_cluster_1,
          sprint2_sniper_area_1, sprint2_heavy_combat_area_1,
          sprint2_mutation_trap_area_1, sprint2_forest_area_1,
          sprint2_light_combat_area_1, sprint2_behind_water_1,
          sprint2_near_end_vault_1]

Skill      XL: |  1  2  3  4  5 |
---------------+----------------+-----
Dodging        | 3 4 |  4.8
Stealth        | 3 4 |  4.1
Spellcasting   | 4 5 6 9 |  9.8
Ice Magic      | 8 9 10 12 | 12.0
Unarmed Combat | 1 2 |  2.1
Fighting       | 1 |  1.2
Conjurations   | |  0.8

Action                   |  1- 3 |  4- 6 || total
-------------------------+-------+-------++-------
Melee: Unarmed           |    20 |     1 ||    21
 Cast: Freeze            |     5 |    27 ||    32
       Hailstorm         |       |     3 ||     3
       Ozocubu's Armour  |       |     2 ||     2
       Frozen Ramparts   |       |     1 ||     1
  Use: Potion            |     2 |     4 ||     6
       Scroll            |       |     1 ||     1
Armor: Robe              |     3 |     9 ||    12
Dodge: Dodged            |    12 |    23 ||    35

Table legend: (Time is in decaauts)
 A = Elapsed time spent in this place.
 B = Non-inter-level travel time spent in this place.
 C = Inter-level travel time spent in this place.
 D = Time resting spent in this place.
 E = Time spent auto-exploring this place.
 F = Levels seen in this place.
 G = Mean time per level.
                   A        B        C        D        E       F      G
               +--------+--------+--------+--------+--------+-----+--------+
         Total |    371 |    371 |      0 |    240 |      0 |   1 |  371.0 |
       Dungeon |    371 |    371 |      0 |    240 |      0 |   1 |  371.0 |
               +--------+--------+--------+--------+--------+-----+--------+

Top non-repeatable levels by time:
       D: 371 daAuts
